 Dungeon Crawl Stone Soup version 0.31-a0-986-g5e6e4ef867 (webtiles) character file.

Game seed: 7095780923997047786

868 Persephone the Cleaver (level 8, -6/69 HPs)
             Began as a Gargoyle Fighter on Nov 8, 2023.
             Was an Initiate of Okawaru.
             Mangled by an ogre
             ... wielding a +0 giant club
              (8 damage)
             ... on level 5 of the Dungeon.
             The game lasted 00:04:45 (3203 turns).

Persephone the Cleaver (Gargoyle Fighter)           Turns: 3203, Time: 00:04:45

Health: -6/69      AC: 24    Str: 22      XL:     8   Next: 3%
Magic:  8/8        EV:  2    Int:  7 (9)  God:    Okawaru [......]
Gold:   264        SH:  4    Dex:  9      Spells: 7/7 levels left

rFire   . . .        a - +0 war axe
rCold   . . .        c - +0 buckler
rNeg    + . .        k - melded +1 ring mail {rF+}
rPois   ∞            z - melded +2 helmet
rElec   .            o - melded +0 cloak
rCorr   .            (gloves currently unavailable)
SInv    .            (boots currently unavailable)
Will    .....        (no amulet)
Stlth   +            (no ring)
HPRegen 0.31/turn    (no ring)
MPRegen 0.11/turn

%: no passive effects
@: tree-form
A: stationary, stasis, torment immunity, boosted hp, sickness immunity, AC +5,
negative energy resistance 1, (electricity resistance), torment resistance 1,
petrification resistance
a: Renounce Religion


You were on level 5 of the Dungeon.
You worshipped Okawaru.
Okawaru was noncommittal.
You were a tree.
You visited 2 branches of the dungeon, and saw 6 of its levels.
You also visited: Sewer.

You collected 264 gold pieces.

Inventory:

Hand Weapons
 a - a +0 war axe (weapon)
Armour
 b - a +0 scale mail
 c - a +0 buckler (worn)
 k - a +1 ring mail of fire resistance (melded)
 o - a +0 cloak (melded)
 z - a +2 helmet (melded)
Jewellery
 l - a ring of fire
 m - an amulet of the acrobat
 p - an amulet of guardian spirit
Scrolls
 e - 3 scrolls of amnesia {unknown}
 h - 3 scrolls of teleportation {unknown}
 i - 4 scrolls of vulnerability {unknown}
 j - 4 scrolls of identify {unknown}
 n - a scroll of fear {unknown}
 q - 2 scrolls of enchant armour {unknown}
 t - 2 scrolls of brand weapon {unknown}
 w - a scroll of fog {unknown}
 y - a scroll of acquirement {unknown}
Potions
 d - a potion of lignification
 f - 2 potions of heal wounds {unknown}
 g - a potion of cancellation {unknown}
 r - a potion of mutation {unknown}
 s - a potion of magic {unknown}
 u - a potion of brilliance {unknown}
 v - a potion of invisibility {unknown}
 x - a potion of degeneration {unknown}


   Skills:
 - Level 3.2 Fighting
 + Level 8.3 Axes
 - Level 3.2 Armour
 - Level 3.2 Shields


You had 7 spell levels left.
You didn't know any spells.
Your spell library contained the following spells:

 Spells                   Type           Power      Damage    Failure   Level
 Kiss of Death            Conj/Necr      0%         2d5       50%         1
 Necrotise                Necr           0%         1d4       50%         1
 Lesser Beckoning         Tloc           0%         N/A       65%         2
 Gell's Gravitas          Tloc           0%         N/A       86%         3
 Teleport Other           Tloc           0%         N/A       86%         3
 Vampiric Draining        Necr           0%         2d6       86%         3
 Iskenderun's Battlesphe  Conj           0%         2d6       100%        5
 Bombard                  Conj/Erth      0%         9d1       100%        6
 Summon Small Mammal      Summ           Unusable   N/A       N/A         1
 Call Canine Familiar     Summ           Unusable   N/A       N/A         3
 Summon Guardian Golem    Hex/Summ       Unusable   N/A       N/A         3
 Animate Dead             Necr           Unusable   N/A       N/A         4
 Spellforged Servitor     Conj/Summ      Unusable   N/A       N/A         7

Dungeon Overview and Level Annotations

Branches:
Dungeon (5/15)             Temple (1/1) D:4           Sewer (visited)

Altars:
Ashenzari
Cheibriados
Elyvilon
Fedhas
Hepliaklqana
Kikubaaqudgha
Nemelex Xobeh
Okawaru
Qazlal
Ru
Uskayaw
Xom
Yredelemnul


Innate Abilities, Weirdness & Mutations

You are a tree.
Your roots penetrate the ground, keeping you stationary.
You cannot be teleported.
You are immune to unholy pain and torment.
Your maximum health is greatly increased.
Your equipment is partially melded.
You are immune to sickness and miasma.
((Your stone body is resilient. (AC +5)))
You are immune to poison.
You resist negative energy. (rN+)
((You are resistant to electric shocks. (rElec)))
You are resistant to unholy torment.
You are immune to petrification.


Message History

Auto kill stopped - Not safe, but cannot find any monsters (likely invisible monster, or translucent walls)
An ogre comes into view. It is wielding a +0 giant club.
The ogre shouts!
You hear a shout! x2
The ogre moves out of view.
Auto kill stopped - Not safe, but cannot find any monsters (likely invisible monster, or translucent walls)
An orc comes into view. It is wielding a +0 flail.
The orc shouts!
An orc comes into view. It is wielding a +0 hand axe.
The orc moves out of view.
An orc comes into view. It is wielding a +0 short sword.
An orc comes into view. It is wielding a +0 flail.
The orc shouts! x3
The orc moves out of view.
You slash the ogre!
The ogre is moderately wounded.
The ogre hits you with a +0 giant club!
You hit the ogre.
The ogre is heavily wounded.
You closely miss the ogre.
The ogre is heavily wounded.
The ogre hits you with a +0 giant club!!
* * * LOW HITPOINT WARNING * * *
You completely miss the ogre.
The ogre is heavily wounded.
The ogre barely misses you.
You slash the ogre!
The ogre is severely wounded.
You block the ogre's attack.
It was a potion of lignification.
You turn into a tree.
Your +0 cloak melds into your body.
Your +2 helmet melds into your body.
Your +1 ring mail of fire resistance melds into your body.
You feel less resistant to fire.
Your roots penetrate the ground.
You hit the ogre.
The ogre is almost dead.
The ogre hits you with a +0 giant club!!
* * * LOW HITPOINT WARNING * * *
You barely miss the ogre.
The ogre is almost dead.
The ogre hits you with a +0 giant club!
You die...

#.#.##.# #...
#.##### ####
#.....#
#######.#
......#.#
#.....#.#
##....#.#
.##....#.#
oo..o.O#♣#
......#O#
####..#o#######
#.oo....<.#
#....$..#.#
#....####
#......
#...##.# #####
.#


You could see an ogre and 3 orcs.

Vanquished Creatures
  Pargi (Sewer)
  A black bear (D:4)
  An ogre (D:4)
  Blork the orc (D:4)
  A phantom (D:4)
  2 scorpions (D:4)
  A hound (D:4)
  A jelly (D:4)
  Crazy Yiuf (D:2)
  2 iguanas (D:4)
  Natasha (thrice) (D:4)
  8 adders
  An adder zombie (D:4)
  A worm (D:2)
  A dart slug (D:3)
  An orc (D:3)
  8 ball pythons
  5 bats
  5 endoplasms
  3 giant cockroaches
  3 goblins (D:1)
  7 jackals (D:1)
  A quokka (D:1)
  A ball python zombie (D:2)
  An endoplasm zombie (D:4)
  5 frilled lizards
  8 kobolds
  2 kobold zombies
  3 rats
79 creatures vanquished.

Notes
Turn   | Place    | Note
-------+----------+-------------------------------------------
     0 | D:1      | Persephone the Gargoyle Fighter began the quest for the
                  | Orb.
     0 | D:1      | Reached XP level 1. HP: 14/14 MP: 1/1
   174 | D:1      | Reached skill level 2 in Axes
   214 | D:1      | Reached XP level 2. HP: 16/19 MP: 2/2
   450 | D:1      | Reached skill level 3 in Axes
   453 | D:1      | Found a faded altar of an unknown god.
   508 | D:1      | Reached XP level 3. HP: 23/23 MP: 3/3
   525 | D:1      | Prayed at the altar of an unknown god.
   525 | D:1      | Became a worshipper of Kikubaaqudgha
   525 | D:1      | Reached * piety under Kikubaaqudgha
   525 | D:1      | Received a gift from Kikubaaqudgha
   741 | D:2      | Fell from the grace of Kikubaaqudgha
  1025 | D:2      | Found a runed translucent door.
  1027 | D:2      | Noticed Crazy Yiuf
  1108 | D:2      | Reached XP level 4. HP: 28/28 MP: 4/4
  1167 | D:2      | Killed Crazy Yiuf
  1168 | D:2      | Reached skill level 4 in Axes
  1301 | D:3      | Found a glowing drain.
  1319 | Sewer    | Entered a sewer
  1339 | Sewer    | Noticed Pargi
  1349 | Sewer    | Killed Pargi
  1350 | Sewer    | Reached skill level 5 in Axes
  1350 | Sewer    | Reached XP level 5. HP: 29/32 MP: 5/5
  1513 | D:3      | Found a blossoming altar of Fedhas.
  1773 | D:3      | Found a broken altar of Ashenzari.
  1773 | D:3      | Found a snail-covered altar of Cheibriados.
  1794 | D:4      | Noticed a black bear
  1801 | D:4      | Killed a black bear
  1801 | D:4      | Noticed a spectral black bear
  1802 | D:4      | Reached XP level 6. HP: 27/37 MP: 6/6
  1806 | D:4      | Reached skill level 6 in Axes
  1933 | D:4      | Noticed Natasha
  1946 | D:4      | Killed Natasha
  2012 | D:4      | Reached XP level 7. HP: 2/41 MP: 7/7
  2170 | D:4      | Noticed Blork the orc
  2184 | D:4      | Killed Blork the orc
  2185 | D:4      | Reached skill level 7 in Axes
  2501 | D:4      | Found a shimmering altar of Xom.
  2578 | D:4      | Reached skill level 8 in Axes
  2606 | D:4      | Noticed Natasha
  2621 | D:4      | Killed Natasha
  2703 | D:4      | Found a sparkling altar of Nemelex Xobeh.
  2745 | D:4      | Noticed Natasha
  2753 | D:4      | Killed Natasha
  2867 | D:4      | Found a hide-covered altar of Uskayaw.
  2890 | D:4      | Found a staircase to the Ecumenical Temple.
  2915 | Temple   | Entered the Ecumenical Temple
  2977 | Temple   | Became a worshipper of Warmaster Okawaru
  3023 | D:4      | Reached XP level 8. HP: 31/46 MP: 8/8
  3075 | D:4      | Found a basalt altar of Yredelemnul.
  3139 | D:5      | Entered Level 5 of the Dungeon
  3202 | D:5      | HP: 2/69 [ogre/+0 giant club (18)]
  3203 | D:5      | Mangled by an ogre

Illustrated notes

Levels and vault maps discovered:
D:1:      psy_arrival_fountain, layout_basic,
          hellmonk_ecumenical_altar_pennies_from_heaven, minmay_tromino_i4
D:2:      layout_rooms, uniq_crazy_yiuf_cottage
D:3:      layout_rooms, mainiacjoe_overflow_catwalk,
          gammafunk_temple_overflow_elements, portal_sewer_entry_a,
          kennysheep_generic_room_15
D:4:      layout_loops_cross, nicolae_overflow_crystal_walls,
          nemelex_diamond_rough_becter, mainiacjoe_overflow_boulevard,
          yredelemnul_altar_generic, minmay_temple_entry_offerings,
          uniq_blork_the_orc, uniq_natasha
D:5:      layout_loops_ring, nicolae_overflow_hidden_temple,
          lightli_temple_of_fire, serial_co_window_serial,
          co_window_of_opportunity_a, co_window_paths_a, co_window_corner_a,
          co_window_corner_a, co_window_paths_a, co_window_of_opportunity_a,
          co_window_of_opportunity_a, co_window_corner_b,
          co_window_of_opportunity_c, co_window_of_opportunity_b,
          co_window_2corner, co_window_paths_c, co_window_of_opportunity_c,
          co_window_4corner_a, glass_columns_b
Temple:   hellmonk_temple_beads

Skill      XL: |  1  2  3  4  5  6  7 |
---------------+----------------------+-----
Axes           | 2 3 5 6 8 |  8.3
Fighting       | |  3.2
Armour         | |  3.2
Shields        | |  3.2

Action                     |  1- 3 |  4- 6 |  7- 9 || total
---------------------------+-------+-------+-------++-------
  Melee: War axe           |   104 |   104 |   129 ||   337
 Invoke: Renounce Religion |     1 |       |       ||     1
    Use: Potion            |       |     1 |     1 ||     2
 Armour: Scale mail        |    49 |       |       ||    49
         Ring mail         |    39 |   105 |    91 ||   235
         Skin              |       |       |     2 ||     2
  Dodge: Dodged            |    61 |    83 |    51 ||   195
  Block: Buckler           |    28 |    27 |    21 ||    76

Table legend: (Time is in decaauts)
 A = Elapsed time spent in this place.
 B = Non-inter-level travel time spent in this place.
 C = Inter-level travel time spent in this place.
 D = Time resting spent in this place.
 E = Time spent auto-exploring this place.
 F = Levels seen in this place.
 G = Mean time per level.
                   A        B        C        D        E       F      G
               +--------+--------+--------+--------+--------+-----+--------+
         Total |   3341 |   3155 |    186 |      0 |   2358 |   7 |  477.3 |
       Dungeon |   3077 |   2975 |    102 |      0 |   2266 |   5 |  615.4 |
        Temple |     88 |      4 |     84 |      0 |      0 |   1 |   88.0 |
         Sewer |    175 |    175 |      0 |      0 |     92 |   1 |  175.0 |
               +--------+--------+--------+--------+--------+-----+--------+

Top non-repeatable levels by time:
     D:4: 1299 daAuts
     D:2: 675 daAuts
     D:1: 639 daAuts
     D:3: 398 daAuts
   Sewer: 175 daAuts
  Temple: 88 daAuts
     D:5: 64 daAuts
